[Event "AUT Bundesliga Women 2021-22"]
[Site "Austria"]
[Date "2022.04.22"]
[Round "8.7"]
[White "Kurapova, Olga"]
[Black "Kimpel, Janine"]
[Result "1-0"]
[ECO "B05"]
[WhiteElo "1923"]
[BlackElo "1843"]
[Annotator "TA"]
[PlyCount "71"]
[EventDate "2021.11.06"]
[EventType "team-tourn"]
[EventCountry "AUT"]
[SourceTitle "playchess.com"]
[Source "ChessBase"]
[SourceQuality "1"]
[TimeControl "40/5400+30:1800+30"]

1. e4 Nf6 2. e5 Nd5 3. d4 d6 4. Nf3 Bg4 5. Be2 Nc6 6. O-O e6 {[%emt 0:04:57] B05: Alekhine's Defence: 4 Nf3 Bg4.} 7. Bg5 Be7 8. Bxe7 (8. c4 $5 Nb6 9. Bxe7 Qxe7 10. exd6 cxd6 11. Nbd2 $11) 8... Qxe7 {[%emt 0:01:48] The position is equal.} 9. exd6 cxd6 10. c3 O-O 11. Nbd2 Nf4 {[%emt 0:08:42] [#]} 12. h3 $146 ({Predecessor:} 12. Re1 d5 13. Nf1 Qf6 14. Ng3 Nxe2+ 15. Qxe2 Bxf3 16. Qxf3 Qxf3 17. gxf3 Na5 18. Nf1 {0-1 (30) Biryukov,M (2298)-Perkovsky,A (2192) Vladivostok 2007}) 12... Nxe2+ 13. Qxe2 Bh5 14. Qb5 Bg6 15. d5 a6 16. Qc4 Na7 17. Nh4 Bh5 18. Rfe1 e5 19. Nf5 Qf6 (19... Qd7 $11 {and Black has nothing to worry.} 20. Ng3 b5) 20. g4 $18 {[%emt 0:01:02] [#] Hoping for Ne4.} Bg6 21. Ne4 $1 Qd8 22. Nexd6 {[%emt 0:00:36] Pair of Knights!} (22. Nfxd6 b5 23. Qc5 Nc8) 22... b5 $2 (22... Nc8) 23. Qe2 (23. Qc5 $142) 23... f6 24. f4 {[%emt 0:06:23] 0x0.0005ea962cb6dp-1022s more active pieces. The black rooks are badly placed.} (24. a4 $16) 24... Nc8 (24... Bxf5 $14 25. Nxf5 g6) 25. fxe5 Nxd6 26. exd6 (26. Nxd6 fxe5 27. Qxe5 Qb6+ 28. Kh1 Qf2 $14) 26... Re8 $2 (26... Kh8 27. Qe7 Bxf5) 27. Ne7+ Kf8 28. Nxg6+ ({Not} 28. Qe6 Bf7 29. Qe4 (29. Qe3 Qxd6 30. Nf5 Qxd5 $11) 29... Qxd6 $11) 28... hxg6 {[%emt 0:00:10] [#]} 29. Qxe8+ Qxe8 30. Rxe8+ Rxe8 $2 {[%emt 0:00:09][%mdl 4096] Endgame KR-KR} (30... Kxe8 {was called for.} 31. a4 Rc8 32. axb5 axb5) 31. a4 Rd8 32. axb5 axb5 33. Ra6 f5 (33... Ke8 $142 34. Rb6 Kd7 35. Rxb5 Kxd6) 34. Rb6 {[%emt 0:00:23] White is clearly winning.} Kf7 35. Rxb5 {[%emt 0:00:14] And now Rb7+ would win.} Rxd6 36. c4 {[%emt 0:00:02] Weighted Error Value: White=0.18 (very precise) /Black=0.50} 1-0

[Event "AUT Bundesliga Women 2021-22"]
[Site "Austria"]
[Date "2022.04.22"]
[Round "8.8"]
[White "Zhbanova, Angelina"]
[Black "Pribozic, Sabrina"]
[Result "1-0"]
[ECO "C55"]
[WhiteElo "1586"]
[BlackElo "1624"]
[Annotator "NA RC COMBH"]
[PlyCount "45"]
[EventDate "2021.11.06"]
[EventType "team-tourn"]
[EventCountry "AUT"]
[SourceTitle "playchess.com"]
[Source "ChessBase"]
[SourceQuality "1"]
[TimeControl "40/5400+30:1800+30"]

1. e4 e5 2. Nf3 Nc6 3. Bc4 Nf6 4. d3 d6 5. h3 Be7 6. c3 O-O 7. Bb3 h6 8. Nbd2 Re8 9. Nf1 Bf8 10. g4 Be6 11. Ng3 g6 12. g5 hxg5 13. Nxg5 d5 14. Qf3 dxe4 15. N3xe4 Bg7 16. Nxe6 fxe6 17. Bg5 Kf7 18. Bxf6 Bxf6 19. Ng5+ Ke7 20. Nxe6 Qd6 21. Rg1 Rg8 22. Ng5 Rgd8 23. Ne4 1-0

[Event "AUT Bundesliga Women 2021-22"]
[Site "Austria"]
[Date "2022.04.22"]
[Round "8.9"]
[White "Rozman, Monika"]
[Black "Paehtz, Elisabeth"]
[Result "0-1"]
[ECO "B32"]
[WhiteElo "2115"]
[BlackElo "2500"]
[Annotator "TA"]
[PlyCount "138"]
[EventDate "2021.11.06"]
[EventType "team-tourn"]
[EventCountry "AUT"]
[SourceTitle "playchess.com"]
[Source "ChessBase"]
[SourceQuality "1"]
[TimeControl "40/5400+30:1800+30"]

1. e4 {[%emt 0:00:03] Stohl,I} c5 2. Nf3 Nc6 3. d4 cxd4 4. Nxd4 Qb6 5. Nb3 e6 6. Bd3 Nf6 7. O-O d6 8. Nc3 Be7 9. Be3 Qc7 10. f4 a6 11. Qf3 O-O 12. Rae1 b5 13. e5 {[%emt 0:14:23] B33: Sicilian: Pelikan and Sveshnikov Variations.} dxe5 14. fxe5 Nd7 15. Bf4 {[%emt 0:05:22] The position is equal.} b4 {[%emt 0:20:08] [#]} 16. Nd5 $146 ({Predecessor:} 16. Nd1 Bb7 17. Qg3 g6 18. Nf2 Qd8 19. Qh3 h5 20. Re3 Kg7 21. Be4 Rh8 22. Nd3 {1-0 (36) Lutz,C (2587)-Smirin,I (2666) Saint Vincent 2000 CBM 078 [Stohl,I]}) 16... exd5 $11 17. e6 $132 {[%emt 0:00:55][%mdl 2048] White is not keeping still} Nde5 (17... Qb7 $1 $11 18. exd7 Qxd7) 18. exf7+ $14 Rxf7 19. Qxd5 Qd7 20. Be4 Ra7 21. Bxe5 Nxe5 22. Qxe5 Bf6 $2 (22... Rxf1+ $1 $14 23. Rxf1 Qd6 24. Bd5+ (24. Qh5 g6 $14) 24... Kh8) 23. Qh5 $18 g6 {[%emt 0:00:03] [#]} 24. Qc5 (24. Bxg6 $1 $18 {[%mdl 512] is the precise move to win.} Rf8 25. Bd3) 24... Kg7 $16 25. Qxb4 a5 26. Qd2 (26. Qc5 $14 Ba6 27. Bc6) 26... Ba6 {[%emt 0:02:58] [#]} 27. Rxf6 Rxf6 28. Qxa5 Bd3 29. Qe5 Bxe4 30. Qxe4 Rxa2 31. Qe5 (31. Nc5 $11 Qd2 32. Qe7+ (32. Qe5 $2 Qf2+ 33. Kh1 Kh6 $19) 32... Kg8 33. Nd3) 31... Qa7+ 32. Kh1 Raa6 {[%emt 0:00:58][%cal Oa6e6] next ...Rae6! is good for Black.} 33. Nc5 {[%emt 0:00:43] Against Rae6} (33. Nd4 $1 $11 {is superior.}) 33... Ra1 $15 34. b4 $1 Rxe1+ 35. Qxe1 {[%emt 0:00:02][%mdl 4096] Endgame KQR-KQN} Qf7 {[%emt 0:00:17] ( -> ...Rf1+)} (35... Kf7 $5 ) 36. Qc3 $2 (36. Kg1 $11) 36... Qd5 $2 ({Black should try} 36... Kg8 $19 37. h3 Rf1+ 38. Kh2 Qf4+ 39. Qg3 Rh1+ $3 40. Kxh1 Qxg3) 37. h3 $11 g5 {[%emt 0:00:39][%mdl 1024] Black has compensation.} 38. Nd3 Qf5 39. Kh2 h5 40. Qd4 g4 41. hxg4 Qg5 42. Kg3 Kh6 $2 (42... Kf7 $11 {and Black is okay.}) 43. Ne5 $2 (43. c4 $18) 43... h4+ 44. Kh2 Qf4+ 45. Qxf4+ Rxf4 {[%emt 0:00:02] KR-KN} 46. b5 Rb4 47. c4 {[%emt 0:00:58] And now Nf7+ would win.} Kg5 48. Kh3 Rb1 $1 49. Nf3+ Kf4 50. Nh2 Kg5 51. Nf3+ Kf4 52. g5 {[%emt 0:00:26] aiming for g6.} Rh1+ 53. Nh2 {[%emt 0:00:02] Strongly threatening g6.} Kxg5 54. b6 Rc1 55. b7 Rb1 56. Nf3+ Kf4 57. b8=Q+ Rxb8 58. Nxh4 Rb3+ 59. Kh2 Rc3 60. Ng6+ Ke4 61. g3 Kf5 62. Nf4 Kg4 63. Nd5 $2 (63. c5 $15) 63... Rc2+ 64. Kg1 Kf3 $2 (64... Kxg3 {mates} 65. Kf1 Kf3 66. Ke1 Rxc4 67. Nb6 Rb4 68. Nc8 Rb1+ 69. Kd2 Rb7 70. Ke1 Ke3 71. Kf1 Rc7 72. Nd6 Kf3 73. Kg1 Rg7+ 74. Kh2 Rh7+ 75. Kg1 Rg7+ 76. Kh2 Rh7+ 77. Kg1 Rh5 78. Nc4 Rc5 79. Nd6 Rh5 80. Nf7 Kg3 81. Nd6 Rd5 82. Ne4+ Kf3 83. Nc3 Rc5 84. Na4 Rg5+ 85. Kh2 Rg2+ 86. Kh3 Rc2 87. Kh4 Rc4+ 88. Kg5 Rxa4 89. Kf6 Kf4 90. Ke6 Rd4 91. Kf7 Kf5 92. Ke7 Rd1 93. Kf7 Re1 94. Kg7 Re7+ 95. Kf8 Kf6 96. Kg8 Re8+ 97. Kh7 Rf8 98. Kh6 Rh8#) 65. g4 $2 (65. Ne7 $15) 65... Rxc4 {[%emt 0:01:02] Black mates.} 66. g5 Rg4+ 67. Kf1 {[%emt 0:00:28] [#]} Rd4 $1 68. Nc3 Rd3 69. Ne2 Rd1# {[%emt 0:00:35] Both players deserved the win here.  Weighted Error Value: White=0.29 (precise) /Black=0.33} 0-1

[Event "AUT Bundesliga Women 2021-22"]
[Site "Austria"]
[Date "2022.04.22"]
[Round "8.10"]
[White "Unuk, Laura"]
[Black "Urh, Zala"]
[Result "1/2-1/2"]
[ECO "C67"]
[WhiteElo "2346"]
[BlackElo "2284"]
[Annotator "TA"]
[PlyCount "79"]
[EventDate "2021.11.06"]
[EventType "team-tourn"]
[EventCountry "AUT"]
[SourceTitle "playchess.com"]
[Source "ChessBase"]
[SourceQuality "1"]
[TimeControl "40/5400+30:1800+30"]

1. e4 e5 2. Nf3 Nc6 3. Bb5 Nf6 4. O-O Nxe4 5. Re1 Nd6 6. Nxe5 Be7 7. Bf1 Nxe5 8. Rxe5 O-O 9. d4 Bf6 10. Re1 {[%emt 0:01:16] The position is equal.} Re8 {[%emt 0:04:25] C67: Ruy Lopez: Berlin Defence: 4 0-0 Nxe4.} 11. c3 Rxe1 12. Qxe1 Ne8 13. Bf4 d5 14. Bd3 g6 15. Nd2 Ng7 16. Nf3 {[%emt 0:01:39] 16.Nf3 is better than 16.Qe2.} Bf5 17. Bxf5 Nxf5 18. Qe2 c6 {[%emt 0:03:37] Inhibits Qb5.} 19. Re1 Ng7 20. Be5 Ne6 21. Bxf6 Qxf6 22. Ne5 Re8 23. Ng4 Qd8 24. Qe5 {[%emt 0:05:45] Black must now prevent Nf6+.} Ng7 25. Qxe8+ ({Wrong is} 25. Nh6+ $2 Kf8 26. Nxf7 Rxe5 $19) 25... Nxe8 26. Rxe8+ {[%emt 0:00:16][%mdl 64] [#] Remove Defender} Qxe8 27. Nf6+ Kf8 28. Nxe8 Kxe8 $11 {[%emt 0:00:05][%mdl 4096] Endgame KP-KP} 29. f4 f5 30. Kf2 Kf7 31. Ke3 Ke6 {[%emt 0:00:13] [#]} 32. a4 $146 ({Predecessor:} 32. b4 b5 33. Kf3 Kf6 34. Ke3 a6 35. a3 Ke6 36. Kf3 Kf6 37. Ke3 Ke6 38. Kf3 Kf6 39. Ke3 {½-½ (39) Tabatabaei,M (2629)-Maghsoodloo,P (2676) Chess.com INT 2020}) 32... a5 33. b4 b6 34. bxa5 bxa5 35. Kd3 Kd6 36. c4 Ke6 37. h3 h5 38. g3 Kd6 39. c5+ Ke6 40. Ke3 {[%emt 0:00:03] An even fight not without its subleties.  Weighted Error Value: White=0.02 (flawless) /Black=0.01 (flawless)} 1/2-1/2

[Event "AUT Bundesliga Women 2021-22"]
[Site "Austria"]
[Date "2022.04.22"]
[Round "8.11"]
[White "Hercog, Nusa"]
[Black "Imnadze, Nato"]
[Result "1/2-1/2"]
[ECO "A42"]
[WhiteElo "1985"]
[BlackElo "2266"]
[Annotator "TA"]
[PlyCount "80"]
[EventDate "2021.11.06"]
[EventType "team-tourn"]
[EventCountry "AUT"]
[SourceTitle "playchess.com"]
[Source "ChessBase"]
[SourceQuality "1"]
[TimeControl "40/5400+30:1800+30"]

1. d4 g6 2. c4 Bg7 3. Nc3 d6 4. e4 Nc6 5. Be3 e5 6. d5 Nd4 {[%emt 0:00:06] [#]} 7. Qd2 {[%emt 0:02:58] A42: Modern Defence: Averbakh Variation.} ({Better is} 7. Nge2 $1 $16) 7... Ne7 (7... c5 $11 {was preferrable.}) 8. Nge2 $14 c5 9. dxc6 $1 Nexc6 {[%emt 0:10:46] [#]} 10. Nb5 $146 ({Predecessor:} 10. Nd5 Be6 11. Nec3 O-O 12. Rc1 {½-½ (12) Plahuta,D (2101)-Gorsek,G (1989) Celje 2008}) 10... O-O 11. Nbxd4 exd4 12. Nxd4 (12. Bxd4 Nxd4 13. Nxd4 Re8 $15) 12... Nxd4 13. Bxd4 Qh4 14. O-O-O Bxd4 (14... Qxe4 $14 15. Bxg7 Kxg7) 15. Qxd4 $16 Be6 16. Kb1 Rac8 17. Be2 Rfe8 18. g3 Qh3 19. b3 ({But not} 19. Qxa7 Bxc4 20. Bxc4 Rxc4 $16) 19... a5 20. a4 Bd7 21. Bf3 Bc6 22. Rhe1 Re6 23. Kb2 Rce8 24. Re2 Qh6 25. h4 f5 26. Rde1 Qf8 27. Kc3 {[%emt 0:05:41] White is more active.} fxe4 28. Bxe4 Bxe4 29. Rxe4 Rxe4 30. Rxe4 Rxe4 31. Qxe4 Qxf2 {[%mdl 4096] Endgame KQ-KQ} 32. Qe8+ Kg7 33. Qe7+ Kg8 34. Qxd6 {[%emt 0:00:51] Qb8+ is the strong threat.} Qe3+ 35. Kb2 {[%emt 0:00:49] [#] Threatens to win with Qb8+.} Qf2+ 36. Ka3 {[%emt 0:01:52] Strongly threatening Qd5+.} b6 37. Qd8+ ({White should try} 37. c5 $16 Qe1 38. Kb2 Qf2+ 39. Kc3 Qe1+ 40. Kc2 bxc5 41. Qxc5) 37... Kf7 $14 38. Qd5+ (38. Qd7+ $14 {feels stronger.} Kf6 39. Qd6+ Kf7 40. Qd7+ Kf6 41. Qd8+ Kf7 42. Qd7+) 38... Kg7 (38... Ke7 $11 {keeps the balance.}) 39. Qe5+ $16 Kg8 40. Qe6+ Kg7 {[%emt 0:00:05] Weighted Error Value: White=0.14 (very precise) /Black=0.14 (very precise)} 1/2-1/2

[Event "AUT Bundesliga Women 2021-22"]
[Site "Austria"]
[Date "2022.04.22"]
[Round "8.12"]
[White "Trippold, Denise"]
[Black "Zoehrer, Sarah"]
[Result "1-0"]
[ECO "A10"]
[WhiteElo "2131"]
[BlackElo "1654"]
[Annotator "TA"]
[PlyCount "65"]
[EventDate "2021.11.06"]
[EventType "team-tourn"]
[EventCountry "AUT"]
[SourceTitle "playchess.com"]
[Source "ChessBase"]
[SourceQuality "1"]
[TimeControl "40/5400+30:1800+30"]

1. c4 f5 2. g3 Nf6 3. Nf3 b6 4. Bg2 Bb7 5. O-O e6 6. d4 Be7 7. d5 O-O 8. Nd4 {[%emt 0:09:04] [#] d6 is the strong threat. A84: Dutch Defence: 2 c4 Miscellaneous.} c5 9. Nc2 {[%emt 0:07:23] Black must now prevent d6.} exd5 10. Nc3 {[%emt 0:02:04] [#] White is slightly better.} d6 $146 ({Predecessor:} 10... Kh8 11. cxd5 Ne8 12. Bf4 Bg5 13. Qd2 Bxf4 14. Qxf4 Kg8 15. h4 d6 16. Ne3 g6 {½-½ (24) Graca,R (2075)-Bokiej,P (2068) Leba 2008}) 11. Ne3 Qd7 {[%emt 0:04:56] [#] Strongly threatening ...d4.} 12. Ncxd5 Nxd5 13. Nxd5 ({But not} 13. cxd5 $6 Na6 $11) 13... Bf6 14. Nxf6+ Rxf6 15. Bxb7 Qxb7 16. Bf4 Qc6 (16... Qe4 $11) 17. Qd3 Nd7 18. Rad1 Ne5 19. Qc2 (19. Bxe5 $5 dxe5 20. f3 $11) 19... Re8 20. Rd5 b5 (20... Ng6 $14) 21. Bxe5 $16 Rxe5 (21... dxe5 $16 22. e4 fxe4) 22. Rxe5 $18 dxe5 $16 {[%emt 0:00:08][%mdl 4096] Endgame KQR-KQR} 23. Rd1 ({Better is} 23. cxb5 $18 Qxb5 24. Rd1) 23... e4 (23... a6 $16 24. Rd5 e4) 24. cxb5 $18 Qxb5 25. Rd5 Qa5 $2 (25... h5 26. Rxc5 Qa6) 26. Qc4 Kf8 27. Rxc5 Qb6 28. Rc8+ Ke7 29. Rc7+ Kf8 30. Rd7 {[%emt 0:00:45] White wants to mate with Qc8+.} Qa6 {[%emt 0:00:57] Prevents Qc8+.} (30... Re6 $18 31. Qd5 Qc6) 31. Rd8+ {[%emt 0:00:39] White mates.} Ke7 32. Qc7+ Ke6 33. Qd7+ {[%emt 0:00:14] Weighted Error Value: White=0.21 (precise) /Black=0.52} 1-0

[Event "AUT Bundesliga Women 2021-22"]
[Site "Austria"]
[Date "2022.04.22"]
[Round "8.13"]
[White "Katter, Katharina"]
[Black "Mayrhuber, Nikola"]
[Result "1/2-1/2"]
[ECO "E16"]
[WhiteElo "1991"]
[BlackElo "2110"]
[Annotator "TA"]
[PlyCount "93"]
[EventDate "2021.11.06"]
[EventType "team-tourn"]
[EventCountry "AUT"]
[SourceTitle "playchess.com"]
[Source "ChessBase"]
[SourceQuality "1"]
[TimeControl "40/5400+30:1800+30"]

1. d4 Nf6 2. Nf3 e6 3. c4 Bb4+ 4. Bd2 Qe7 5. g3 Nc6 6. Nc3 O-O 7. Bg2 d5 8. a3 Bxc3 9. Bxc3 Ne4 10. Qc2 {[%emt 0:01:23] E11: Bogo-Indian.} a5 11. b3 Nxc3 12. Qxc3 {[%emt 0:00:15] White is slightly better.} Rd8 13. O-O {[%emt 0:00:38] [#]} Ra6 $146 (13... a4 $11) ({Predecessor:} 13... e5 14. dxe5 d4 15. Qb2 Bg4 16. Rfd1 Bxf3 17. Bxf3 Qxe5 18. Rd3 Rd6 19. Rad1 Rad8 {1-0 (44) Jankovic,A (2564)-Hecht,H (2379) Zadar 2011}) 14. Rfe1 Qd6 15. c5 Qf8 16. b4 Na7 17. e4 dxe4 18. Rxe4 b6 (18... axb4 $11 {remains equal.} 19. Qxb4 (19. axb4 Nb5 $11) 19... b6) 19. Bf1 {[%emt 0:08:49] aiming for b5.} axb4 20. Qxb4 (20. axb4 $14 Rxa1 21. Qxa1) 20... Ra5 (20... bxc5 $11 {might be stronger.} 21. dxc5 Nc6) 21. Ne5 $14 Bb7 22. Rf4 (22. Ree1 $14 Qe8 23. cxb6) 22... Nc6 $15 23. Nxc6 Bxc6 24. Rc1 Ra4 25. Qb3 Rda8 $1 {[%emt 0:04:34] Strongly threatening ...g5.} 26. cxb6 Bd5 (26... Rxa3 27. Qc2 Bd5 28. bxc7 $16 (28. Qxc7 Ra1 $16)) 27. Qb5 cxb6 28. Bg2 Qxa3 29. Rc7 Qf8 $2 (29... Qa1+ $17 {stays on course.} 30. Bf1 R4a7 31. Rfxf7 Rxc7 32. Rxc7 Qxd4) 30. Bxd5 $18 R4a5 {[%emt 0:00:46] [#]} 31. Qxb6 Rxd5 $11 32. Qb7 Rf5 ({Much less strong is} 32... Ra1+ 33. Kg2 f5 34. Re7 $16) 33. Rxf5 exf5 {[%emt 0:00:03][%mdl 4096] Endgame KQR-KQR} 34. d5 $36 {[%emt 0:00:36][%cal Od5d6][%mdl 2048] d6! is the strong threat. White has the initiative.} Qe8 $2 {[%emt 0:00:37][%mdl 8192] [#]} (34... Rb8 $11 35. Qa7 g6) 35. Re7 $2 ({White has to play} 35. d6 $1 $18 {[%cal Rd6d7] Black must now prevent d7.} Rd8 36. Re7) 35... Qc8 $14 36. Rxf7 {[%emt 0:00:46] 0x0.001991cc2f2fdp-1022s more active pieces.} Qxb7 37. Rxb7 {[%emt 0:00:01] KR-KR} Rd8 {[%emt 0:00:38] Prevents Rd7.} 38. Rb5 Kf7 39. Kg2 Kf6 40. f4 (40. Kf3 $14) 40... h6 (40... Ra8 $11 {keeps the balance.}) 41. Kf2 ({Better is} 41. Kf3 $16) 41... Re8 $11 42. Rb3 Re4 $1 43. Rd3 Ke7 44. d6+ Kd7 {[%emt 0:00:07] The position is equal.} 45. Rd5 g6 46. Kf3 Re6 47. Ra5 {[%emt 0:00:27] Weighted Error Value: White=0.57/Black=0.46} 1/2-1/2

[Event "AUT Bundesliga Women 2021-22"]
[Site "Austria"]
[Date "2022.04.22"]
[Round "8.14"]
[White "Konecny, Sophie"]
[Black "Frey, Alisa"]
[Result "1-0"]
[ECO "C55"]
[WhiteElo "1833"]
[BlackElo "2018"]
[Annotator "TA"]
[PlyCount "113"]
[EventDate "2021.11.06"]
[EventType "team-tourn"]
[EventCountry "AUT"]
[SourceTitle "playchess.com"]
[Source "ChessBase"]
[SourceQuality "1"]
[TimeControl "40/5400+30:1800+30"]

1. e4 e5 2. Nf3 Nc6 3. Bc4 Nf6 4. d3 Be7 5. c3 d6 6. Bb3 O-O 7. O-O Na5 8. Bc2 c5 9. Re1 {[%emt 0:05:08] is the legacy move (9.h3).} Nc6 10. Nbd2 Re8 11. Nf1 {[%emt 0:02:28] C55: Two Knights: 4 d3, 4 d4 exd4 5 e5 and Max Lange Attack.} h6 12. h3 Bf8 13. Ng3 {[%emt 0:03:48] The position is equal.} Qc7 14. Nh4 d5 15. Qf3 dxe4 {[%emt 0:07:24] [#]} (15... Qd8 $11 {was preferrable.}) 16. dxe4 $146 ({Predecessor:} 16. Nxe4 Nxe4 17. Qxe4 Qd7 18. d4 f5 19. Nxf5 Qxf5 20. Qxf5 Bxf5 21. Bxf5 exd4 22. Bd2 dxc3 23. Bxc3 Nd4 {½-½ (23) Russo,B (1984)-Dumont,A (2145) Charleroi 2008}) 16... Nh7 17. Nhf5 Ng5 (17... Be6 $11) 18. Qh5 ({White should play} 18. Qg4) 18... Qd8 19. h4 (19. Rd1 $16 Qf6 20. Be3) 19... Nh7 $1 $14 20. Qf3 {[%emt 0:06:49] White is more active.} Be6 21. Rd1 $36 {[%emt 0:03:29][%mdl 2048] White has good play.} Qf6 22. Nh5 Qg6 23. Kh1 Nf6 $2 {[%emt 0:02:49] [#] A mistake that costs the game.} (23... Red8 $14) 24. Nxh6+ $1 $18 Kh8 25. Nxf6 gxf6 {[%emt 0:00:10] [#]} (25... Qxf6 {was necessary.} 26. Qxf6 gxf6) 26. h5 $1 Qh7 (26... Qg7 27. Nf5) 27. Qxf6+ Bg7 28. Qg5 {[%emt 0:07:02] aiming for Nf5.} Ne7 29. Nf5 Ng8 30. Nxg7 Qxg7 31. Rd3 f6 32. Qxg7+ Kxg7 33. Rg3+ Kh7 34. Be3 b6 35. b3 Rad8 36. f4 Rf8 (36... Nh6 $142 37. f5 Bf7) 37. f5 Bc8 38. Rf1 Ne7 39. Kh2 Bb7 40. Rff3 Rg8 41. Rxg8 Nxg8 42. g4 Nh6 43. Kh3 Nf7 44. Kh4 Rg8 45. Bc1 Ng5 (45... Bc6 {might work better.} 46. Rd3 Rg7) 46. Bxg5 Rxg5 {[%emt 0:02:12][%mdl 4096] Endgame KRB-KRB} (46... fxg5+ $142 47. Kg3 Rd8) 47. Rd3 {[%emt 0:02:05] Strongly threatening Rd6.} Rg7 48. Rd6 Rf7 49. g5 fxg5+ 50. Kxg5 Bc8 51. Bd3 {[%emt 0:03:45] White mates.} Kg7 52. f6+ Kh7 53. Bc4 Rf8 54. f7 Bb7 55. Rh6+ Kg7 56. Rg6+ Kh7 57. Rg8 {[%emt 0:00:03] Weighted Error Value: White=0.18 (very precise) /Black=0.53} 1-0

[Event "AUT Bundesliga Women 2021-22"]
[Site "Austria"]
[Date "2022.04.22"]
[Round "8.15"]
[White "Katter, Marlene"]
[Black "Wu, Min"]
[Result "1-0"]
[ECO "A45"]
[WhiteElo "1800"]
[BlackElo "1939"]
[Annotator "TA"]
[PlyCount "97"]
[EventDate "2021.11.06"]
[EventType "team-tourn"]
[EventCountry "AUT"]
[SourceTitle "playchess.com"]
[Source "ChessBase"]
[SourceQuality "1"]
[TimeControl "40/5400+30:1800+30"]

1. d4 Nf6 2. Bf4 d5 3. e3 c5 4. c3 e6 5. Nf3 Nc6 6. Nbd2 Bd6 7. Bg3 O-O 8. Bd3 b6 9. Qe2 $1 {[%emt 0:01:50][%mdl 4] now scores much better than the old 9.Ne5. D02: 1 d4 d5 2 Nf3 sidelines, including 2...Nf6 3 g3 and 2...Nf6 3 Bf4.} Qc7 10. e4 dxe4 11. Nxe4 {[%emt 0:01:50] White is slightly better.} Nxe4 12. Qxe4 (12. Bxe4 $14 f5 13. Bxd6 Qxd6 14. dxc5 $1 Qxc5 15. Bc2) 12... f5 $11 13. Qh4 cxd4 $1 {[%emt 0:12:46] [#]} 14. Nxd4 $146 ({Predecessor:} 14. cxd4 Nb4 15. Rd1 Nxd3+ 16. Rxd3 Qc1+ 17. Rd1 Bb4+ 18. Nd2 Bxd2+ 19. Ke2 Ba6+ 20. Kf3 Qc6+ 21. d5 Qxd5+ 22. Qe4 Qxe4# {0-1 (22) Batsiashvili,N (2457)-Charochkina,D (2356) Chess.com INT 2020}) 14... Nxd4 15. Qxd4 Rd8 {[%emt 0:05:43] White must now prevent ...Bxg3.} 16. Bxd6 Rxd6 17. Qe3 Bb7 18. f3 Qd8 (18... Bd5 $11) 19. O-O-O $14 Qf6 20. Bc4 Rxd1+ {[%emt 0:05:00] Black is on the road to losing.} (20... Bd5 $14) 21. Rxd1 $18 Re8 22. Rd7 Bc8 (22... f4 $142 23. Qe1 Re7) 23. Rxa7 Kh8 24. Ba6 e5 {[%emt 0:00:36] [#]} 25. Bxc8 Rxc8 {[%emt 0:00:03][%mdl 4096] Endgame KQR-KQR} 26. Rb7 e4 27. Rxb6 Qf7 28. Kb1 ({Don't take} 28. fxe4 $6 fxe4 29. Kc2 (29. Qxe4 $2 Qf1+ 30. Kc2 Qf2+ 31. Kb1 Qf1+ 32. Kc2 Qf2+ 33. Kb1 Qxb6 $19) 29... Qc4) 28... Rd8 29. Rb4 {[%emt 0:02:11] Inhibits Qc4.} Qd5 $2 (29... Re8 {was necessary.} 30. Rd4 (30. fxe4 fxe4 31. Kc2 Kg8 $16) 30... h6) 30. Rd4 Qa8 31. Rxd8+ Qxd8 {[%emt 0:00:00] KQ-KQ} 32. Kc2 {[%emt 0:01:07] Inhibits Qd1+.} Qa5 33. Qd4 {[%emt 0:03:21] Inhibits Qa4+.} exf3 34. gxf3 h6 35. a4 Qa6 36. Kb3 Qb7+ 37. Qb4 Qxf3 (37... Qd5+ {is a better defense.} 38. Ka3 Qxf3) 38. a5 Qf1 (38... Qd1+ $142 39. Ka2 Qd7) 39. Qc4 Qd1+ 40. Ka2 Qd8 $2 (40... f4 41. Qxf4 Qd5+ 42. b3 Qxa5+ 43. Kb2 Qh5) 41. a6 {[%emt 0:31:21] Strongly threatening Qc5.} Qa5+ 42. Kb3 Qb6+ 43. Ka3 {[%emt 0:00:00] Hoping for Qc8+.} f4 44. Qc8+ Kh7 45. Qb7 Qc5+ 46. Kb3 {[%emt 0:00:00] Intending a7 and mate.} f3 (46... Qf5 $142 47. a7 f3) 47. a7 (47. Qe4+ $142 Kg8 48. Qa8+ Kh7 49. Qxf3 Qb5+ 50. Kc2) 47... f2 (47... Qf5 $18 48. a8=Q f2) 48. Qe4+ g6 49. Qb7+ {[%emt 0:00:00] Weighted Error Value: White=0.46/Black=0.61} 1-0

[Event "AUT Bundesliga Women 2021-22"]
[Site "Austria"]
[Date "2022.04.22"]
[Round "8.16"]
[White "Roeck, Vanessa"]
[Black "Wilfling, Sandra"]
[Result "1/2-1/2"]
[ECO "A48"]
[WhiteElo "1618"]
[BlackElo "1855"]
[Annotator "NA RC COMBH"]
[PlyCount "132"]
[EventDate "2021.11.06"]
[EventType "team-tourn"]
[EventCountry "AUT"]
[SourceTitle "playchess.com"]
[Source "ChessBase"]
[SourceQuality "1"]
[TimeControl "40/5400+30:1800+30"]

1. d4 Nf6 2. Nf3 g6 3. Bf4 Bg7 4. e3 d6 5. Be2 O-O 6. O-O Nh5 7. c3 Nd7 8. Nbd2 Nxf4 9. exf4 Nb6 10. Qb3 Be6 11. c4 c6 12. Rfe1 Qc7 13. Qe3 Rae8 14. b3 Bg4 15. h3 Bxf3 16. Nxf3 Nd7 17. Rad1 Qa5 18. Qd2 Qxd2 19. Rxd2 c5 20. Bd3 cxd4 21. Be4 e5 22. Bxb7 Nc5 23. Bd5 Bh6 24. Ng5 a5 25. h4 Kg7 26. g3 f5 27. f3 Re7 28. fxe5 dxe5 29. f4 e4 30. Rxd4 Kf6 31. Bc6 Rc7 32. Bd5 Rb8 33. Re2 Bf8 34. Bg8 h6 35. Nh7+ Rxh7 36. Bxh7 Kg7 37. Bxg6 Kxg6 38. Rd5 a4 39. bxa4 Nxa4 40. h5+ Kf6 41. Rb5 Rc8 42. Rc2 Bc5+ 43. Kf1 Bd4 44. Ra5 Nc5 45. a4 Rc6 46. Ke2 Nd3 47. Rd5 Bf2 48. Rd8 Bxg3 49. Rg8 Nxf4+ 50. Kf1 Nxh5 51. a5 Bc7 52. Rc8 Rc5 53. a6 Bb6 54. Rxc5 Bxc5 55. Rh2 Kg5 56. Ra2 Ng3+ 57. Ke1 Kf4 58. a7 Bxa7 59. Rxa7 Ke5 60. Ra5+ Kd6 61. Ra6+ Kc5 62. Rxh6 Kxc4 63. Rg6 f4 64. Rg4 Kd3 65. Rxf4 e3 66. Rf3 Ne4 1/2-1/2